 Dungeon Crawl Stone Soup version 0.17.0-28-g6e173f8 (console) character file.

611 Kloppie the Skirmisher (level 7, 0/59 HPs)
             Began as a Formicid Fighter on Nov 24, 2015.
             Slain by a killer bee (2 damage)
             ... on level 4 of the Dungeon.
             The game lasted 00:04:46 (3015 turns).

Kloppie the Skirmisher (Formicid Fighter)           Turns: 3015, Time: 00:04:46

Health: 0/59       AC:  9    Str: 20    XL:     7   Next: 72%
Magic:  7/7        EV:  7    Int:  8    God:
Gold:   188        SH:  9    Dex: 12    Spells: 0 memorised, 6 levels left

rFire  . . .     SeeInvis +     a - +0 war axe
rCold  . . .     Clarity  .     b - +0 scale mail
rNeg   . . .     SustAt   +     c - +0 shield
rPois  .         Gourm    .     (helmet unavailable)
rElec  .         Spirit   .     z - +1 cloak
rCorr  .         Warding  .     (no gloves)
rMut   .         Stasis   +     (no boots)
MR     .....                    (no amulet)
Stlth  ..........               (no ring)
                                g - ring of sustain attributes

@: not resistant to hostile enchantments, extremely unstealthy
A: permanent stasis, dig shafts and tunnels, four strong arms, antennae 3
a: Dig, Shaft Self


You were on level 4 of the Dungeon.
You were not hungry.

You visited 1 branch of the dungeon, and saw 4 of its levels.

You collected 188 gold pieces.

Inventory:

Hand Weapons
 a - a +0 war axe (weapon)
Missiles
 l - 10 poisoned needles
Armour
 b - a +0 scale mail (worn)
 c - a +0 shield (worn)
 z - a +1 cloak (worn)
 A - a +0 chain mail
Jewellery
 g - a ring of sustain attributes (left hand)
Scrolls
 f - 2 scrolls of enchant armour {unknown}
 h - a scroll of amnesia {unknown}
 m - 5 scrolls of identify {unknown}
 n - 3 scrolls of enchant weapon {unknown}
 q - a scroll of teleportation {unknown}
 t - a scroll of blinking {unknown}
 u - 2 scrolls of remove curse {unknown}
 y - a scroll of magic mapping {unknown}
Potions
 d - a potion of might
 i - 2 potions of curing
 k - a potion of lignification {unknown}
 p - a potion of poison {unknown}
 r - a potion of agility {unknown}
 s - a potion of haste {unknown}
 v - a potion of heal wounds {unknown}
 w - a potion of berserk rage {unknown}
 x - a potion of brilliance {unknown}
Comestibles
 e - 4 bread rations
 j - 3 meat rations
 o - a beef jerky


   Skills:
 + Level 6.9 Fighting
 + Level 5.7 Axes
 - Level 3.2 Armour
 - Level 3.6 Shields


You had 6 spell levels left.
You didn't know any spells.

Dungeon Overview and Level Annotations

Branches:
Dungeon (4/15)
 Temple: D:4-7

Altars:
Ashenzari
Fedhas
Gozag
Kikubaaqudgha
Qazlal
Xom


Innate Abilities, Weirdness & Mutations

You are under a permanent stasis effect.
You can dig through walls and to a lower floor.
Your four strong arms can wield two-handed weapons with a shield.
You have a pair of large antennae on your head (SInv).


Message History

The killer bee barely misses you. The killer bee stings you!
* * * LOW HITPOINT WARNING * * *
Drink which item? (? for menu, Esc to quit)
It was a potion of curing.
You feel better. You block the killer bee's attack. The killer bee stings you.
* * * LOW HITPOINT WARNING * * *
You closely miss the killer bee.
The killer bee is heavily wounded.
The killer bee completely misses you. The killer bee misses you.
The killer bee closely misses you.
Your shield and scale mail prevent you from hitting the killer bee.
The killer bee is heavily wounded.
The killer bee stings you.
* * * LOW HITPOINT WARNING * * *
You block the killer bee's attack.
You hit the killer bee.
The killer bee is severely wounded.
The killer bee barely misses you. You block the killer bee's attack.
The killer bee stings you.
You die...

..####......########....###......
..+...)......)............'......
..####.......)†.####....###......
.## ##.#.#.###.# ##.#.# ##.....
## ###...# #.# ###.# ##.... #
#..####.# #####.######...
#.......# #.......y# ##+#
##.########.###.##.# #.# #.#
#@#...)..##.# #.# #.#
##y#{.#####.# ##.# # #.# ###..#
#.###... # #.# #.{#####..{.... #
#.# #.......)#....) ##########.#
##.#####...##.# ...........#
#........##### ############
##########


You could see a killer bee.

Vanquished Creatures
  A phantom (D:4)
  2 crimson imps
  Crazy Yiuf (D:3)
  An orc priest (D:3)
  4 hounds (D:4)
  Jessica (D:2)
  An iguana (D:4)
  3 worker ants (D:4)
  An orc wizard (D:3)
  4 adders
  3 gnolls (D:4)
  An ooze (D:1)
  A worm (D:4)
  10 orcs
  4 giant cockroaches
  7 goblins
  A hobgoblin (D:3)
  3 jackals (D:4)
  5 kobolds
  2 quokkas (D:3)
  2 bats
  4 giant geckos
  5 giant newts
  6 rats
73 creatures vanquished.

Notes
Turn   | Place    | Note
--------------------------------------------------------------
     0 | D:1      | Kloppie the Formicid Fighter began the quest for the Orb.
     0 | D:1      | Reached XP level 1. HP: 18/18 MP: 1/1
   285 | D:1      | Reached XP level 2. HP: 16/24 MP: 2/2
   625 | D:2      | Reached XP level 3. HP: 30/30 MP: 3/3
   778 | D:2      | Reached skill level 4 in Fighting
   936 | D:2      | Noticed Jessica
   939 | D:2      | Killed Jessica
   939 | D:2      | Reached XP level 4. HP: 36/38 MP: 4/4
   992 | D:2      | Found a shattered altar of Ashenzari.
   995 | D:2      | Found a shimmering altar of Xom.
   998 | D:2      | Found an ancient bone altar of Kikubaaqudgha.
  1090 | D:2      | Found a stormy altar of Qazlal.
  1143 | D:3      | Found a blossoming altar of Fedhas.
  1416 | D:3      | Reached XP level 5. HP: 43/43 MP: 5/5
  1654 | D:3      | Reached skill level 5 in Fighting
  1691 | D:3      | Reached XP level 6. HP: 44/51 MP: 6/6
  1771 | D:3      | Noticed Crazy Yiuf
  1780 | D:3      | Killed Crazy Yiuf
  2259 | D:4      | Reached skill level 6 in Fighting
  2399 | D:4      | Found an opulent altar of Gozag.
  2408 | D:4      | Reached skill level 5 in Axes
  2408 | D:4      | Reached XP level 7. HP: 58/58 MP: 7/7
  3014 | D:4      | HP: 2/59 [killer bee (3)]
  3015 | D:4      | Slain by a killer bee

Action                   |  1- 3 |  4- 6 |  7- 9 || total
-------------------------+-------+-------+-------++-------
Melee: War axe           |    67 |   131 |    67 ||   265
 Abil: Dig               |       |       |     1 ||     1
  Use: Potion            |       |       |     1 ||     1
  Eat: Chunk             |       |     5 |     2 ||     7
